Map: Daybreak LE (Void)

Players

Fropez - Winner!

  • Race: Protoss Protoss
  • League: Gold
  • Spawn Location: 7:00

Puppa

  • Race: Terran Terran
  • League: Platinum
  • Spawn Location: 1:00

VOD

Have the link to the VOD?

Description

Time

  • Played on: Jan. 12, 2017, 5:10 p.m.
  • Length: 18:54
Show
View Real Time Build Order
Export as new Build Order

Fropez Protoss - Winner!

Build Orders: 1 Gate Expand 

Get SALT Encoding   

  12  0:01  Probe (Chrono Boost)  
  13  0:11  Probe (Chrono Boost)  
  14  0:18  Pylon  
  15  0:28  Probe (Chrono Boost)  
  15  0:40  Gateway  
  15  0:42  Probe (Chrono Boost)  
  16  0:46  Assimilator  
  16  1:05  Probe (Chrono Boost)  
  17  1:15  Probe (Chrono Boost)  
  18  1:21  Nexus  
  18  1:29  Probe (Chrono Boost)  
  19  1:39  Cybernetics Core  
  19  1:45  Probe (Chrono Boost)  
  20  1:52  Pylon  
  20  2:11  Pylon  
  20  2:13  Adept, Warp Gate  
  20  2:18  Mothership Core (Chrono Boost)  
  24  2:26  Assimilator  
  24  2:33  Assimilator  
  24  2:35  Probe (Chrono Boost)  
  26  2:38  Probe (Chrono Boost)  
  26  2:46  Probe (Chrono Boost)  
  24  3:02  Probe (Chrono Boost)  
  24  3:04  Probe (Chrono Boost)  
  26  3:13  Probe (Chrono Boost)  
  26  3:15  Robotics Facility  
  26  3:18  Probe (Chrono Boost)  
  28  3:22  Pylon  
  28  3:23  Probe (Chrono Boost)  
  29  3:30  Probe (Chrono Boost)  
  31  3:34  Twilight Council, Probe (Chrono Boost)  
  32  3:42  Probe (Chrono Boost)  
  32  3:51  Probe (Chrono Boost)  
  32  3:53  Gateway  
  33  4:00  Probe (Chrono Boost)  
  33  4:01  Resonating Glaives  
  32  4:13  Pylon  
  32  4:15  Probe x2 (Chrono Boost)  
  32  4:16  Warp Prism  
  36  4:25  Dark Shrine  
  36  4:28  Probe (Chrono Boost)  
  36  4:30  Probe (Chrono Boost)  
  38  4:40  Adept, Probe (Chrono Boost)  
  38  4:42  Probe (Chrono Boost)  
  43  4:52  Probe (Chrono Boost)  
  43  4:55  Adept  
  43  4:56  Gateway  
  43  4:57  Immortal  
  49  5:08  Pylon  
  49  5:13  Probe x2 (Chrono Boost)  
  51  5:18  Adept x2  
  55  5:25  Probe (Chrono Boost)  
  55  5:26  Probe (Chrono Boost)  
  57  5:56  Adept x2  
  59  6:02  Assimilator  
  59  6:03  Probe x2 (Chrono Boost)  
  59  6:04  Pylon  
  61  6:06  Adept  
  67  6:14  Observer  
  67  6:15  Nexus  
  58  6:29  Stalker x3  
  64  6:33  Probe x2 (Chrono Boost)  
  64  6:45  Probe x2 (Chrono Boost)  
  64  6:54  Forge  
  64  6:57  Probe (Chrono Boost)  
  57  7:15  Dark Templar  
  57  7:16  Dark Templar x2  
  57  7:19  Probe (Chrono Boost)  
  57  7:20  Probe (Chrono Boost)  
  65  7:32  Probe (Chrono Boost)  
  66  8:05  Dark Templar x2  
  68  8:06  Dark Templar  
  68  8:08  Probe (Chrono Boost)  
  68  8:09  Probe x2 (Chrono Boost)  
  68  8:10  Assimilator  
  75  8:14  Assimilator  
  75  8:19  Pylon  
  71  8:22  Pylon  
  71  8:24  Pylon  
  71  8:26  Pylon  
  71  8:29  Pylon  
  71  8:40  Nexus  
  71  8:44  Probe (Chrono Boost)  
  71  8:45  Probe (Chrono Boost)  
  71  8:46  Probe (Chrono Boost)  
  74  8:48  Assimilator  
  74  8:52  Assimilator  
  74  8:55  Pylon  
  66  8:59  Pylon  
  66  9:01  Pylon  
  66  9:07  Gateway  
  66  9:08  Protoss Ground Weapons Level 1  
  66  9:09  Gateway  
  66  9:10  Gateway  
  66  9:14  Gateway  
  66  9:16  Pylon  
  66  9:18  Pylon  
  66  9:21  Gateway  
  66  9:22  Pylon, Gateway  
  66  9:25  Adept x3  
  66  9:27  Forge x2  
  66  9:28  Probe (Chrono Boost)  
  66  9:29  Probe x2 (Chrono Boost)  
  75  9:31  Pylon  
  75  9:52  Protoss Ground Armor Level 1  
  75  9:56  Protoss Shields Level 1  
  75  9:58  Probe (Chrono Boost)  
  75  9:59  Probe x3 (Chrono Boost)  
  79  10:06  Charge  
  79  10:22  Dark Templar  
  79  10:23  Dark Templar x6  
  93  10:30  Pylon  
  93  10:34  Pylon  
  93  10:36  Photon Cannon  
  93  10:37  Photon Cannon  
  93  10:40  Photon Cannon  
  93  10:41  Photon Cannon  
  93  10:46  Shadow Stride  
  93  10:47  Photon Cannon  
  93  11:05  Observer  
  93  11:09  Protoss Ground Weapons Level 2  
  94  11:15  Stalker x6  
  94  11:16  Stalker x3  
  113  11:19  Probe (Chrono Boost)  
  113  11:21  Probe (Chrono Boost)  
  113  11:23  Observer  
  113  11:39  Stalker  
  115  11:40  Stalker x2  
  115  11:42  Observer  
  120  11:47  Pylon  
  120  11:48  Probe (Chrono Boost)  
  120  11:49  Probe x2 (Chrono Boost)  
  120  11:51  Probe (Chrono Boost)  
  124  11:59  Protoss Ground Armor Level 2  
  124  12:08  Protoss Shields Level 2  
  124  12:12  Nexus, Probe (Chrono Boost)  
  124  12:13  Probe x2 (Chrono Boost)  
  124  12:14  Probe (Chrono Boost)  
  128  12:16  Assimilator  
  128  12:17  Pylon  
  128  12:31  Zealot x2  
  128  12:32  Zealot x3  
  141  12:37  Probe (Chrono Boost)  
  141  12:38  Probe x2 (Chrono Boost)  
  141  12:39  Probe (Chrono Boost)  
  142  12:48  Dark Templar  
  139  12:55  Dark Templar x2  
  139  12:56  Stalker x5  
  139  12:57  Stalker  
  152  12:58  Observer  
  149  13:20  Probe (Chrono Boost)  
  149  13:22  Probe x3 (Chrono Boost)  
  153  13:29  Blink  
  147  13:35  Stalker x3  
  147  13:36  Stalker x6  
  165  13:42  Protoss Ground Weapons Level 3  
  163  14:06  Protoss Ground Armor Level 3  
  163  14:11  Photon Cannon  
  163  14:12  Nexus  
  163  14:14  Probe (Chrono Boost)  
  164  14:19  Pylon  
  164  14:25  Zealot x2  
  164  14:26  Zealot x5  
  164  14:27  Zealot  
  160  15:21  Stalker x4  
  156  15:22  Stalker x5  
  157  15:51  Zealot x6  
  157  15:52  Zealot x3  
  175  16:02  Nexus  
  175  16:04  Protoss Shields Level 3  
  175  16:17  Nexus  
  175  16:19  Assimilator, Templar Archives  
  175  16:23  Assimilator  
  175  16:27  Pylon  
  175  16:31  Pylon  
  175  16:35  Zealot x2  
  179  16:40  Pylon, Zealot  
  179  16:46  Zealot  
  176  16:52  Pylon  
  176  16:54  Pylon, Stalker  
  175  17:00  Pylon  
  166  17:50  Dark Templar  
  162  18:12  Zealot x5  
  168  18:13  Zealot x3  
Show
View Real Time Build Order
Export as new Build Order

Puppa Terran 

Build Orders:  

Get SALT Encoding   

  12  0:04  SCV  
  13  0:16  SCV  
  14  0:23  Supply Depot  
  14  0:29  SCV  
  15  0:37  Refinery  
  15  0:44  SCV  
  15  0:49  Barracks  
  16  1:00  Supply Depot  
  16  1:06  SCV  
  17  1:18  SCV  
  18  1:30  SCV  
  19  1:38  Reaper  
  20  1:42  SCV  
  20  1:43  Refinery  
  21  1:55  SCV  
  22  2:10  Command Center  
  22  2:20  Marine  
  24  2:29  Factory  
  24  2:32  Orbital Command  
  23  2:38  Marine  
  24  3:04  SCV  
  24  3:14  Starport, Factory Tech Lab  
  24  3:18  SCV  
  25  3:21  Marine  
  26  3:30  SCV  
  27  3:37  Bunker  
  27  3:39  Marine  
  27  3:40  SCV  
  29  3:42  SCV  
  29  3:48  Factory Tech Lab  
  30  3:54  SCV  
  31  3:58  SCV  
  32  4:03  Engineering Bay  
  32  4:07  SCV  
  33  4:10  SCV  
  33  4:12  Marine, Engineering Bay  
  33  4:16  Banshee, Cloaking Field  
  38  4:22  Supply Depot  
  38  4:24  SCV  
  39  4:26  SCV  
  39  4:31  Terran Infantry Weapons Level 1  
  40  4:38  SCV, Missile Turret  
  40  4:43  Missile Turret  
  41  4:48  Terran Infantry Armor Level 1  
  41  4:50  SCV  
  42  5:01  Siege Tank  
  42  5:02  SCV  
  46  5:11  Barracks  
  46  5:13  Banshee  
  46  5:14  Barracks  
  49  5:15  SCV  
  49  5:20  Refinery  
  50  5:27  SCV  
  51  5:33  SCV, Barracks Tech Lab  
  52  5:45  SCV  
  49  5:57  SCV  
  50  6:05  Marine x3  
  54  6:29  Supply Depot  
  54  6:30  Supply Depot  
  54  6:31  Barracks Reactor  
  54  6:32  Marine, Barracks Tech Lab  
  54  6:35  Stimpack  
  54  6:40  Siege Tank  
  54  6:50  SCV, Supply Depot x2, Marauder  
  54  6:52  Viking  
  59  7:02  SCV  
  57  7:11  Marauder  
  57  7:13  Siege Tank  
  57  7:14  SCV  
  62  7:26  SCV  
  62  7:28  SCV, Supply Depot  
  64  7:37  Marine x2, Refinery  
  64  7:38  SCV, Marauder x2  
  64  7:41  SCV  
  71  7:45  Siege Tank  
  71  7:50  SCV  
  74  7:55  Marine  
  75  8:02  SCV  
  76  8:17  Siege Tank, Orbital Command  
  78  8:23  Missile Turret  
  76  8:34  Orbital Command  
  70  9:18  Command Center  
  70  9:29  Refinery  
  70  9:30  Refinery  
  70  9:36  Missile Turret  
  70  9:47  Starport Reactor  
  70  9:54  Supply Depot  
  70  9:55  Supply Depot  
  70  9:56  Supply Depot  
  70  10:04  Armory  
  70  10:16  Marine x2, Siege Tank, Marauder  
  77  10:23  Medivac  
  79  10:34  Marine x2  
  81  10:38  Marauder  
  83  10:48  Cyclone  
  86  10:50  Medivac  
  86  10:51  Marine x2  
  90  10:59  Marauder  
  92  11:05  Terran Ship Weapons Level 1  
  92  11:09  Marine x2  
  94  11:14  Barracks  
  94  11:16  Barracks  
  94  11:20  Marauder, Cyclone  
  99  11:27  Marine x2  
  101  11:36  Planetary Fortress  
  101  11:42  Marauder  
  101  11:45  Marine  
  105  11:52  Cyclone, Missile Turret  
  105  11:53  Missile Turret x2  
  108  11:59  Barracks Reactor  
  107  12:03  Marine, Marauder  
  107  12:06  Medivac  
  112  12:20  Marine  
  113  12:24  Marine, SCV  
  113  12:28  SCV x2  
  117  12:35  Cyclone  
  117  12:36  SCV  
  121  12:38  Marine  
  121  12:40  SCV x2  
  121  12:42  Marauder  
  126  12:48  SCV  
  127  12:52  SCV x2  
  127  12:56  Marine  
  130  13:00  SCV  
  130  13:04  Marauder  
  133  13:17  Refinery  
  133  13:22  Supply Depot  
  133  13:24  Supply Depot  
  133  13:26  Missile Turret  
  133  13:32  Missile Turret x2  
  133  13:43  Marine x3  
  133  13:44  SCV x2, Cyclone  
  133  13:45  Marine x2  
  133  13:46  SCV, Marauder  
  146  13:51  Missile Turret x2  
  146  13:56  SCV x2  
  146  14:01  Marine  
  149  14:05  Refinery  
  149  14:11  Missile Turret  
  149  14:12  Supply Depot, Missile Turret  
  149  14:14  Supply Depot  
  149  14:15  Command Center  
  149  14:16  Supply Depot  
  149  14:17  Barracks Reactor  
  149  14:19  Barracks Tech Lab  
  149  14:21  Terran Infantry Weapons Level 2  
  149  14:22  Terran Infantry Armor Level 2  
  149  14:25  Terran Ship Weapons Level 2  
  149  14:33  Missile Turret  
  149  14:34  Marine x3, SCV, Marauder, Medivac  
  149  14:35  Medivac  
  159  14:44  Marauder  
  161  14:46  SCV  
  161  14:52  Marine x3  
  165  14:56  Marauder  
  165  14:57  Marine x2  
  157  15:04  Medivac  
  157  15:05  Marine, Medivac  
  153  15:09  Marine x3  
  139  15:15  Marine x2  
  139  15:17  Marauder  
  141  15:23  Marine  
  141  15:27  Marine x3  
  145  15:33  Marine x2  
  145  15:34  Medivac  
  136  15:38  Marauder  
  136  15:41  Marauder  
  116  15:45  Marine x3  
  113  15:51  Marine x2  
  115  16:00  Marauder  
  115  16:02  Marauder  
  115  16:03  Marine x2  
  118  16:06  Marine  
  99  16:21  Marine, Marauder  
  99  16:24  Marauder  
  103  16:43  Marauder  
  103  16:45  Marauder  
  100  17:02  Marine x2  
  100  17:04  Marauder  
  100  17:07  Marauder  
  83  18:12  Missile Turret  
  83  18:14  Marine, Marauder  
Tags
 
Add a new tag
Caveats
  • Supply blocks, unpowered buildings, or Contaminate may cause inaccurate times.
  • Supply counts are checked every 10 seconds.